 Dungeon Crawl Stone Soup version 0.27-a0-1559-g299f994 (webtiles) character file.

Game seed: 2940022196435772250

21 Meow the Digger (level 2, 7/20 HPs)
             Began as a Ghoul Earth Elementalist on July 15, 2021.
             Quit the game on level 2 of the Dungeon.
             The game lasted 00:02:43 (1195 turns).

Meow the Digger (Ghoul Earth Elementalist)          Turns: 1195, Time: 00:02:43

Health: 7/20       AC:  2    Str: 11    XL:     2   Next: 87%
Magic:  0/4        EV: 12    Int: 10    God:
Gold:   49         SH:  0    Dex:  9    Spells: 2/5 levels left

rFire    . . .     SeeInvis .   (no weapon)
rCold    + . .     Faith    .   (no shield)
rNeg     + + +     Spirit   .   b - +0 robe
rPois    ∞         Reflect  .   (no helmet)
rElec    .         Harm     .   (no cloak)
rCorr    .         Rampage  .   (no gloves)
Will     .....                  (no boots)
Stlth    ++........             (no amulet)
HPRegen  0.06/turn              (no ring)
MPRegen  0.09/turn              (no ring)

@: no status effects
A: claws 1, cold resistance 1, negative energy resistance 3, inhibited
regeneration, torment resistance 2
a: no special abilities


You were on level 2 of the Dungeon.
You visited 1 branch of the dungeon, and saw 2 of its levels.

You collected 49 gold pieces.

Inventory:

Missiles
 a - 20 bolts
 c - 40 stones
Armour
 b - a +0 robe (worn)
Potions
 d - a potion of mutation {unknown}


   Skills:
 - Level 1.7 Dodging
 - Level 2.1 Stealth
 + Level 2.3 Spellcasting
 - Level 0.8 Transmutations
 + Level 3.9 Earth Magic


You had 2 spell levels left.
You knew the following spells:

 Your Spells              Type           Power      Damage    Failure   Level
a - Sandblast             Erth           18%        2d7       6%          1
b - Passwall              Tmut/Erth      4%         N/A       17%         2

Your spell library contained the following spells:

 Spells                   Type           Power      Damage    Failure   Level
 Sting                    Tmut/Pois      8%         1d3       26%         1
 Foxfire                  Conj/Fire      4%         2x1d4     30%         1
 Magic Dart               Conj           4%         1d3       30%         1
 Stone Arrow              Conj/Erth      10%        3d7       38%         3
 Gell's Gravitas          Tloc           0%         N/A       65%         3
 Inner Flame              Hex/Fire       1%         N/A       65%         3
 Lesser Beckoning         Tloc           0%         N/A       65%         3
 Teleport Other           Tloc           1%         N/A       65%         3
 Petrify                  Tmut/Erth      5%         N/A       75%         4
 Cause Fear               Hex            0%         N/A       96%         4
 Discord                  Hex            0%         N/A       100%        8


Dungeon Overview and Level Annotations

Branches:
Dungeon (2/15)

Altars:


Innate Abilities, Weirdness & Mutations

You thrive by killing the living.
You are immune to poison.
You have sharp fingernails.
Your flesh is cold resistant. (rC+)
You are immune to negative energy. (rN+++)
You do not regenerate when monsters are visible.
You are immune to unholy pain and torment.


Message History

The quokka is moderately wounded.
The quokka closely misses you.
You scratch the quokka but do no damage.
The quokka is moderately wounded.
The quokka bites you.
Casting: Sandblast (safe; 6% risk of failure)
Confirm with . or Enter, or press ? or * to list all spells.
Aiming: Sandblast (safe; 6% risk of failure)
Press: ? - help, Shift-Dir - straight line, f - quokka
Aim: a quokka (moderately wounded, 69% to hit)
The blast of sand hits the quokka.
The quokka is heavily wounded.
The quokka closely misses you.
Casting: Sandblast (safe; 6% risk of failure)
Confirm with . or Enter, or press ? or * to list all spells.
Aiming: Sandblast (safe; 6% risk of failure)
Press: ? - help, Shift-Dir - straight line, f/p - quokka
Aim: a quokka (heavily wounded, 69% to hit)
The blast of sand hits the quokka.
The quokka is severely wounded.
The quokka bites you.
* * * LOW HITPOINT WARNING * * *
Casting: Sandblast (safe; 6% risk of failure)
Confirm with . or Enter, or press ? or * to list all spells.
Aiming: Sandblast (safe; 6% risk of failure)
Press: ? - help, Shift-Dir - straight line, f/p - quokka
Aim: a quokka (severely wounded, 69% to hit)
The blast of sand misses the quokka.
The quokka misses you. The quokka bites you.
* * * LOW HITPOINT WARNING * * *
Casting: Sandblast (safe; 6% risk of failure)
Confirm with . or Enter, or press ? or * to list all spells.
Aiming: Sandblast (safe; 6% risk of failure)
Press: ? - help, Shift-Dir - straight line, f/p - quokka
Aim: a quokka (severely wounded, 69% to hit)
The blast of sand hits the quokka.
You kill the quokka!
You feel better.
Unknown command.
Are you sure you want to abandon this character and quit the game? (Confirm with "yes".)

#.#
##'####
#.....#
#...).#
#.....#
#.....#
##'####
#.# #@#
#.# #.#
#.# #.#
#.# ..#
..#


There were no monsters in sight!

Vanquished Creatures
  A ball python (D:2)
  3 bats
  An endoplasm (D:1)
  3 giant cockroaches (D:1)
  3 goblins
  2 jackals (D:2)
  2 quokkas
  A frilled lizard (D:1)
  2 kobolds (D:1)
18 creatures vanquished.

Notes
Turn   | Place    | Note
-------+----------+-------------------------------------------
     0 | D:1      | Meow the Ghoul Earth Elementalist began the quest for the
                  | Orb.
     0 | D:1      | Reached XP level 1. HP: 14/14 MP: 2/2
   316 | D:1      | Got Witchcraft 101
   460 | D:1      | Found a faded altar of an unknown god.
   483 | D:1      | Reached XP level 2. HP: 20/20 MP: 0/4
   883 | D:2      | Learned a level 2 spell: Passwall
  1195 | D:2      | Quit the game

Illustrated notes

Levels and vault maps discovered:
D:1:      evilmike_arrival_home_sweet_home, layout_basic,
          dreamdust_ecumenical_altar_statues
D:2:      layout_basic, uniq_sigmund

Skill      XL: |  1 |
---------------+----+-----
Spellcasting   | 2 |  2.3
Dodging        | |  1.7
Stealth        | |  2.1
Transmutations | |  0.8
Earth Magic    | |  3.9

Action                   || total
-------------------------++-------
Melee: Unarmed           ||    60
 Cast: Sandblast         ||    18
Armor: Robe              ||     9
Dodge: Dodged            ||    47

Table legend: (Time is in decaauts)
 A = Elapsed time spent in this place.
 B = Non-inter-level travel time spent in this place.
 C = Inter-level travel time spent in this place.
 D = Time resting spent in this place.
 E = Time spent auto-exploring this place.
 F = Levels seen in this place.
 G = Mean time per level.
                   A        B        C        D        E       F      G
               +--------+--------+--------+--------+--------+-----+--------+
         Total |   1194 |   1164 |     30 |    518 |    429 |   2 |  597.0 |
       Dungeon |   1194 |   1164 |     30 |    518 |    429 |   2 |  597.0 |
               +--------+--------+--------+--------+--------+-----+--------+

Top non-repeatable levels by time:
     D:1: 831 daAuts
     D:2: 363 daAuts
